 Dungeon Crawl Stone Soup version 0.30-a0-956-gcec3b41aec (webtiles) character file.

Game seed: 4945894245107577284

822 billz999 the Covert (level 8, -3/44 HPs)
             Began as a Kobold Brigand on Mar 30, 2023.
             Was a Follower of Dithmenos.
             Slain by a wyvern (16 damage)
             ... on level 6 of the Dungeon.
             The game lasted 00:12:50 (5214 turns).

billz999 the Covert (Kobold Brigand)                Turns: 5214, Time: 00:12:51

Health: -3/44      AC:  3    Str:  8    XL:     8   Next: 17%
Magic:  17/17      EV: 14    Int: 12    God:    Dithmenos [*.....]
Gold:   321        SH:  0    Dex: 19    Spells: 7/7 levels left

rFire   . . .      SeeInvis .    v - +2 dagger (drain)
rCold   + . .      Faith    .    (no shield)
rNeg    . . .      Spirit   .    b - +0 robe
rPois   .          Reflect  .    s - +1 hat of Qomett {rC+ MP+9}
rElec   .          Rampage  .    z - scarf {+Inv}
rCorr   .                        (no gloves)
Will    .....                    (no boots)
Stlth   +++++++                  (no amulet)
HPRegen 0.27/turn                (no ring)
MPRegen 0.15/turn                (no ring)

@: wreathed by umbra
A: small, no large weapons, nightstalker 3
a: Renounce Religion, Evoke Invisibility


You were on level 6 of the Dungeon.
You worshipped Dithmenos.
Dithmenos was aware of your devotion.
You visited 1 branch of the dungeon, and saw 6 of its levels.

You collected 321 gold pieces.

Inventory:

Hand Weapons
 a - a +3 dagger
 j - a +0 dagger of flaming
 v - a +2 dagger of draining (weapon)
 w - a +0 sling
Missiles
 d - 8 poisoned darts (quivered)
 e - 6 curare-tipped darts
 n - 10 boomerangs
 p - 2 atropa-tipped darts
Armour
 b - a +0 robe (worn)
 c - a +0 cloak
 m - +0 ice dragon scales
 s - the +1 hat of Qomett (worn) {rC+ MP+9}
   (You found it on level 2 of the Dungeon)

   rC:        It protects you from cold.
   MP:        It affects your magic capacity (+9).
 z - a scarf of invisibility (worn)
Scrolls
 l - a scroll of silence
 r - 4 scrolls of teleportation
 t - 2 scrolls of summoning
 u - 3 scrolls of enchant armour
 x - 3 scrolls of acquirement {unknown}
 y - 3 scrolls of poison
 B - a scroll of brand weapon {unknown}
 C - a scroll of magic mapping
Potions
 f - a potion of attraction {unknown}
 g - 2 potions of flight {unknown}
 h - a potion of haste {unknown}
 i - 3 potions of resistance {unknown}
 k - 3 potions of lignification {unknown}
 o - a potion of brilliance {unknown}
 q - 8 potions of curing {unknown}
 A - a potion of cancellation {unknown}


   Skills:
 - Level 2.1 Fighting
 + Level 6.4 Short Blades
 - Level 2.6 Throwing
 - Level 1.2 Dodging
 * Level 11.5 Stealth


You had 7 spell levels left.
You didn't know any spells.
Your spell library contained the following spells:

 Spells                   Type           Power      Damage    Failure   Level
 Summon Small Mammal      Summ           0%         N/A       32%         1
 Call Canine Familiar     Summ           0%         N/A       69%         3
 Summon Guardian Golem    Hex/Summ       0%         N/A       69%         3
 Animate Dead             Necr           0%         N/A       97%         4
 Blade Hands              Tmut           0%         N/A       100%        5
 Irradiate                Conj/Tmut      0%         3d11      100%        5
 Dragon Form              Tmut           0%         N/A       100%        7
 Haunt                    Necr/Summ      0%         N/A       100%        7
 Infestation              Necr           0%         N/A       100%        8


Dungeon Overview and Level Annotations

Branches:
Dungeon (6/15)
 Temple: D:4-7

Altars:
Ashenzari
Dithmenos


Innate Abilities, Weirdness & Mutations

You are small and have problems with some larger weapons.
You are completely attuned to the shadows.


Message History

The ufetubus is heavily wounded.
The ufetubus misses you. x2
You hit the ufetubus.
The ufetubus is severely wounded.
The ufetubus misses you. The ufetubus barely misses you.
You closely miss the ufetubus.
The ufetubus is severely wounded.
The ufetubus closely misses you.
The ufetubus hits you but does no damage.
You closely miss the ufetubus.
The ufetubus is severely wounded.
The ufetubus hits you but does no damage.
The ufetubus misses you.
You miss the ufetubus.
The ufetubus is severely wounded.
The ufetubus misses you. The ufetubus hits you.
You hit the ufetubus.
You kill the ufetubus!
Dithmenos accepts your kill.
Throw: 8 darts (curare)
Press: ? - help, Shift-Dir - straight line, f - wyvern
Aim: a wyvern (63% to hit)
You throw a curare-tipped dart.
The curare-tipped dart closely misses the wyvern.
The curare-tipped dart hits the rat.
The rat is poisoned.
The rat convulses.
You kill the rat!
Dithmenos accepts your kill. The wyvern bites you! x2
* * * LOW HITPOINT WARNING * * *
Throw: 7 darts (curare)
Press: ? - help, Shift-Dir - straight line, f/p - wyvern
Aim: a wyvern (63% to hit)
You throw a curare-tipped dart. The curare-tipped dart hits the wyvern.
The wyvern is poisoned.
The wyvern convulses.
The wyvern seems to slow down.
The wyvern is moderately wounded.
The wyvern closely misses you. The wyvern attacks as you move away!
The wyvern misses you. The wyvern attacks as you move away!
The wyvern bites you!
You die...

#...## ##....#
###.....#
#..../..# #r...#
##(r.##
#.###.##.# #..l##
#.# ####@# #. ##
#.## #.# ##.#
..###.##
#######..†#.#
##.#..###.†.##
####.#.##......#
....#.###.##.##..
.###.##
##..#.###.


You could see a wyvern (very poisoned, slow).

Vanquished Creatures
  A black bear (D:5)
  An ice beast (D:5)
  2 scorpions
  2 hounds
  A jelly (D:5)
  An orc priest (D:5)
  Natasha (D:2)
  3 iguanas
  An orc wizard (D:4)
  6 gnolls
  7 adders
  3 river rats (D:6)
  2 ufetubi
  3 worms
  4 dart slugs
  13 orcs
  2 bats (D:1)
  6 endoplasms
  A giant cockroach (D:1)
  8 goblins
  6 hobgoblins
  3 jackals
  8 kobolds
  5 quokkas
  4 ball pythons
  2 frilled lizards (D:2)
  8 rats
104 creatures vanquished.

Notes
Turn   | Place    | Note
-------+----------+-------------------------------------------
     0 | D:1      | billz999 the Kobold Brigand began the quest for the Orb.
     0 | D:1      | Reached XP level 1. HP: 12/12 MP: 1/1
   100 | D:1      | Reached XP level 2. HP: 17/17 MP: 2/2
   431 | D:1      | Reached skill level 6 in Stealth
   563 | D:1      | Reached XP level 3. HP: 21/21 MP: 3/3
  1232 | D:2      | Found a faded altar of an unknown god.
  1423 | D:2      | Identified the +1 hat of Qomett {rC+ MP+9}
  1520 | D:2      | Reached skill level 7 in Stealth
  1531 | D:2      | Noticed Natasha
  1536 | D:2      | Killed Natasha
  1537 | D:2      | Reached XP level 4. HP: 16/26 MP: 4/4
  1783 | D:2      | Reached XP level 5. HP: 30/30 MP: 5/5
  2044 | D:2      | Reached skill level 8 in Stealth
  2454 | D:3      | Reached XP level 6. HP: 35/35 MP: 6/6
  2750 | D:3      | Found a shadowy altar of Dithmenos.
  2755 | D:3      | Became a worshipper of Dithmenos the Shadowed
  3105 | D:4      | Found a broken altar of Ashenzari.
  3203 | D:4      | Reached skill level 9 in Stealth
  3878 | D:4      | Reached skill level 5 in Short Blades
  4121 | D:5      | Entered Level 5 of the Dungeon
  4123 | D:5      | Reached XP level 7. HP: 40/40 MP: 7/7
  4248 | D:5      | Reached skill level 10 in Stealth
  4853 | D:5      | Reached * piety under Dithmenos
  4854 | D:5      | Reached skill level 11 in Stealth
  4854 | D:5      | Reached XP level 8. HP: 44/44 MP: 8/8
  5178 | D:6      | Noticed a wyvern
  5214 | D:6      | Slain by a wyvern

Illustrated notes

Levels and vault maps discovered:
D:1:      minmay_arrival_radiant_lines, layout_loops_corners
D:2:      layout_loops_corners, shapermc_ecumenical_altar_totnotflames,
          uniq_natasha
D:3:      layout_rooms, nicolae_overflow_crystal_walls, minmay_misc_feat_roman,
          minivault_4, hex_tiny
D:4:      layout_basic, nicolae_ashenzari_skybound,
          chequers_serial_rivers_marsh, kennysheep_generic_room_10
D:5:      layout_loops_ring
D:6:      lemuel_ratsnest, layout_rooms, marbit_many_paths,
          kiku_gazebo_pond_becter, temple_doors_e, dreamdust_gnoll_farm

Skill      XL: |  1  2  3  4  5  6  7 |
---------------+----------------------+-----
Stealth        | 6 7 8 9 11 | 11.5
Short Blades   | 3 4 5 6 |  6.4
Fighting       | |  2.1
Throwing       | |  2.6
Dodging        | |  1.2

Action                     |  1- 3 |  4- 6 |  7- 9 || total
---------------------------+-------+-------+-------++-------
  Melee: Dagger            |    55 |   107 |    95 ||   257
         Punch             |       |       |     1 ||     1
  Throw: Dart              |     6 |    28 |    15 ||    49
         Boomerang         |       |       |     2 ||     2
    Use: Scroll            |     6 |     5 |     1 ||    12
   Stab: Sleeping          |    19 |    16 |     6 ||    41
         Distracted        |       |     1 |       ||     1
 Armour: Robe              |     4 |    14 |    14 ||    32
  Dodge: Dodged            |    22 |    61 |    69 ||   152

Table legend: (Time is in decaauts)
 A = Elapsed time spent in this place.
 B = Non-inter-level travel time spent in this place.
 C = Inter-level travel time spent in this place.
 D = Time resting spent in this place.
 E = Time spent auto-exploring this place.
 F = Levels seen in this place.
 G = Mean time per level.
                   A        B        C        D        E       F      G
               +--------+--------+--------+--------+--------+-----+--------+
         Total |   5155 |   4974 |    181 |     75 |   4003 |   6 |  859.2 |
       Dungeon |   5155 |   4974 |    181 |     75 |   4003 |   6 |  859.2 |
               +--------+--------+--------+--------+--------+-----+--------+

Top non-repeatable levels by time:
     D:2: 1290 daAuts
     D:1: 1138 daAuts
     D:4: 958 daAuts
     D:5: 955 daAuts
     D:3: 704 daAuts
     D:6: 107 daAuts
